 Dungeon Crawl Stone Soup version 0.28.0-53-g5a82cb258f (webtiles) character file.

Game seed: 10855491155703948201

112 Sin92 the Skirmisher (level 4, -3/35 HPs)
             Began as a Demonspawn Fighter on June 2, 2022.
             Was an Initiate of Okawaru.
             Slain by Crazy Yiuf
             ... wielding a +4 quarterstaff of chaos
              (10 damage)
             ... on level 3 of the Dungeon.
             The game lasted 00:02:59 (2076 turns).

Sin92 the Skirmisher (Demonspawn Fighter)           Turns: 2076, Time: 00:02:59

Health: -3/35      AC:  8    Str: 17    XL:     4   Next: 64%
Magic:  4/4        EV:  9    Int:  9    God:    Okawaru [......]
Gold:   110        SH:  5    Dex: 14    Spells: 3/3 levels left

rFire   . . .      SeeInvis .   a - +0 long sword
rCold   . . .      Faith    .   c - +0 buckler
rNeg    . . .      Spirit   .   b - +0 scale mail
rPois   .          Reflect  .   (no helmet)
rElec   .          Harm     .   (no cloak)
rCorr   .          Rampage  .   (no gloves)
Will    .....                   (no boots)
Stlth   ..........              (no amulet)
HPRegen 0.11/turn               (no ring)
MPRegen 0.09/turn               (no ring)

@: no status effects
A: yellow scales 1, powered by death 1
a: Renounce Religion


You were on level 3 of the Dungeon.
You worshipped Okawaru.
Okawaru was noncommittal.
You visited 1 branch of the dungeon, and saw 3 of its levels.

You collected 110 gold pieces.

Inventory:

Hand Weapons
 a - a +0 long sword (weapon)
Armour
 b - a +0 scale mail (worn)
 c - a +0 buckler (worn)
Scrolls
 e - a scroll of fog {unknown}
 f - a scroll of fear {unknown}
 h - a scroll of teleportation {unknown}
 i - a scroll of summoning {unknown}
 j - 2 scrolls of identify {unknown}
Potions
 d - 2 potions of might
 g - 3 potions of curing
 k - a potion of resistance {unknown}
 l - a potion of degeneration {unknown}


   Skills:
 + Level 3.5 Fighting
 + Level 2.5 Long Blades
 + Level 3.2 Armour
 + Level 1.5 Dodging
 + Level 3.2 Shields


You had 3 spell levels left.
You didn't know any spells.
Your spell library contained the following spells:

 Spells                   Type           Power      Damage    Failure   Level
 Blink                    Tloc           0%         N/A       95%         2
 Manifold Assault         Tloc           0%         N/A       100%        5
 Storm Form               Tmut/Air       0%         N/A       100%        7


Dungeon Overview and Level Annotations

Branches:
Dungeon (2/15)

Altars:
Okawaru
Wu Jian

Annotations:
D:3 Crazy Yiuf


Innate Abilities, Weirdness & Mutations

You are partially covered in yellow scales. (AC +2)
You regenerate a little health from kills.


Message History

Key pressed, stopping explore.
Unknown command.
No target in view!
Key pressed, stopping explore.
No target in view!
Unknown command.
No target in view!
Unknown command.
There is a stone staircase leading up here.
g - 5 brown potions (gained 1) Crazy Yiuf shouts!
Crazy Yiuf screams, "Gum koolooloo pontify!"
No reachable target in view!
Unknown command.
Could not explore, unopened runed door.
No reachable target in view!
Could not explore, unopened runed door.
Unknown command.
No reachable target in view!
Could not explore, unopened runed door.
Unknown command.
No reachable target in view!
You open the door. You barely miss Crazy Yiuf.
Crazy Yiuf hits you with a +4 quarterstaff of chaos.
You are electrocuted!!
Ouch! That really hurt!
* * * LOW HITPOINT WARNING * * *
Crazy Yiuf whimpers, "Race!
Whiteboard disdain down."
Crazy Yiuf barely misses you.
It was a potion of curing.
You feel better.
Crazy Yiuf hits you with a +4 quarterstaff of chaos!
* * * LOW HITPOINT WARNING * * *
You are lethally poisoned!
* * * LOW HITPOINT WARNING * * *
You feel very sick.
Crazy Yiuf whimpers, "Iron mumblescurry unthinkable!"
You feel better.
Crazy Yiuf hits you with a +4 quarterstaff of chaos!
You die...

##### #..)# #...# ... #'#
### ####### ♣♣g♣ #.##
#.....# ♣@♣♣ #..###.....#
♣♣.♣ #..........# ♣.♣♣ ###
###.........# ♣♣.♣♣
#######.. ..#.#.#.....#
♣...♣♣ ###.......#
..#...#.....# ♣....♣
#.....#.... ..#.######..#
#+..+# #.......... ..#.#
##.###....####..........
....#
####.......................


You could see Crazy Yiuf.

Vanquished Creatures
  2 orc priests (D:3)
  An adder (D:3)
  A dart slug (D:1)
  2 orcs (D:3)
  A ball python (D:1)
  2 bats (D:1)
  An endoplasm (D:1)
  3 giant cockroaches (D:1)
  5 goblins
  4 hobgoblins
  2 jackals (D:1)
  4 quokkas
  5 frilled lizards (D:1)
  2 kobolds (D:1)
  8 rats
43 creatures vanquished.

Notes
Turn   | Place    | Note
-------+----------+-------------------------------------------
     0 | D:1      | Sin92 the Demonspawn Fighter began the quest for the Orb.
     0 | D:1      | Reached XP level 1. HP: 18/18 MP: 1/1
   103 | D:1      | Gained mutation: You regenerate a little health from kills.
                  | [demonic ancestry]
   103 | D:1      | Reached XP level 2. HP: 19/24 MP: 2/2
   606 | D:1      | Gained mutation: You are partially covered in yellow
                  | scales. (AC +2) [demonic ancestry]
   606 | D:1      | Reached XP level 3. HP: 29/29 MP: 3/3
   711 | D:1      | Found a faded altar of an unknown god.
  1053 | D:2      | You fall into a shaft and drop 1 floor!
  1060 | D:3      | Reached skill level 1 in Dodging
  1096 | D:3      | Found an iron altar of Okawaru.
  1123 | D:3      | Became a worshipper of Warmaster Okawaru
  1229 | D:3      | Found a runed translucent door.
  1230 | D:3      | Noticed Crazy Yiuf
  1336 | D:3      | Found an ornate altar of the Wu Jian Council.
  1349 | D:3      | Reached XP level 4. HP: 22/35 MP: 4/4
  2075 | D:3      | HP: 1/35 [poisoned by Crazy Yiuf]
  2076 | D:3      | Slain by Crazy Yiuf

Illustrated notes

Levels and vault maps discovered:
D:1:      erik_arrival_orb_chamber, layout_loops_ring,
          ebering_ecumenical_altar_webs, minmay_pentomino_w2
D:2:      layout_basic, minmay_diced_spiral
D:3:      layout_rooms, lemuel_crystal_altar, nzn_wu_jian_contemplation,
          solitary_fountain, minmay_door_square, uniq_crazy_yiuf_cottage

Skill      XL: |  1  2  3 |
---------------+----------+-----
Long Blades    | 2 |  2.5
Armour         | 3 |  3.2
Shields        | 3 |  3.2
Dodging        | 1 |  1.5
Fighting       | |  3.5

Action                   |  1- 3 |  4- 6 || total
-------------------------+-------+-------++-------
Melee: Long sword        |   115 |    20 ||   135
  Use: Potion            |       |     2 ||     2
Armor: Scale mail        |    61 |     3 ||    64
Dodge: Dodged            |    49 |     9 ||    58
Block: Buckler           |    27 |     2 ||    29
